Map: Dasan Station LE

Players

lazer

  • Race: Protoss Protoss
  • League: Silver
  • Spawn Location: 12:00

Fropez - Winner!

  • Race: Protoss Protoss
  • League: Gold
  • Spawn Location: 6:00

VOD

Have the link to the VOD?

Description

Time

  • Played on: July 19, 2016, 2:14 p.m.
  • Length: 14:04
Show
View Real Time Build Order
Export as new Build Order

lazer Protoss 

Build Orders: 1 Gate Expand, Oracle Opening 

Get SALT Encoding   

  12  0:02  Probe (Chrono Boost)  
  13  0:13  Probe (Chrono Boost)  
  14  0:28  Pylon  
  14  0:33  Probe (Chrono Boost)  
  15  0:47  Gateway  
  15  1:06  Nexus  
  15  1:17  Assimilator  
  15  1:33  Pylon  
  15  1:46  Assimilator  
  15  1:47  Assimilator  
  15  2:03  Cybernetics Core  
  14  2:20  Probe (Chrono Boost)  
  15  2:23  Probe (Chrono Boost)  
  16  2:31  Probe (Chrono Boost)  
  16  2:34  Probe (Chrono Boost)  
  18  2:42  Probe (Chrono Boost)  
  19  2:44  Probe (Chrono Boost)  
  19  2:49  Stargate  
  20  2:52  Probe (Chrono Boost)  
  20  2:55  Probe (Chrono Boost)  
  22  3:03  Probe (Chrono Boost)  
  23  3:13  Pylon  
  23  3:25  Probe (Chrono Boost)  
  24  3:34  Probe (Chrono Boost), Oracle (Chrono Boost)  
  28  3:44  Probe  
  29  3:55  Probe  
  29  3:58  Warp Gate  
  30  4:05  Probe  
  30  4:06  Gateway x2  
  30  4:08  Nexus  
  31  4:16  Probe (Chrono Boost)  
  31  4:23  Assimilator  
  31  4:24  Assimilator  
  32  4:28  Probe (Chrono Boost)  
  33  4:34  Twilight Council  
  33  5:10  Probe x2 (Chrono Boost)  
  35  5:16  Assimilator  
  35  5:20  Probe (Chrono Boost)  
  35  5:21  Probe (Chrono Boost), Assimilator  
  37  5:31  Probe x2 (Chrono Boost), Fleet Beacon  
  39  5:40  Pylon, Probe (Chrono Boost)  
  39  5:41  Pylon x2  
  39  5:42  Pylon, Probe x2 (Chrono Boost)  
  42  5:51  Probe (Chrono Boost)  
  42  5:52  Probe x2 (Chrono Boost)  
  45  5:58  Blink  
  45  6:01  Probe (Chrono Boost)  
  45  6:03  Probe x2 (Chrono Boost)  
  48  6:07  Stalker x3  
  54  6:12  Probe (Chrono Boost)  
  54  6:13  Probe x2 (Chrono Boost)  
  54  6:14  Carrier (Chrono Boost)  
  54  6:17  Graviton Catapult  
  63  6:35  Robotics Facility  
  63  6:40  Stargate  
  63  6:42  Stargate  
  63  6:45  Probe  
  63  6:46  Probe  
  63  6:47  Probe  
  66  6:56  Pylon, Probe x2  
  66  6:59  Pylon, Probe  
  69  7:02  Protoss Air Weapons Level 1  
  69  7:03  Pylon  
  69  7:05  Pylon  
  69  7:06  Probe  
  70  7:11  Probe  
  70  7:15  Pylon  
  71  7:17  Pylon, Probe (Chrono Boost)  
  72  7:24  Mothership Core (Chrono Boost)  
  72  7:29  Probe (Chrono Boost)  
  75  7:34  Carrier (Chrono Boost)  
  78  7:40  Probe (Chrono Boost)  
  78  7:44  Stalker x2  
  78  7:50  Probe (Chrono Boost)  
  82  8:27  Carrier (Chrono Boost)  
  82  8:29  Carrier (Chrono Boost)  
  92  9:02  Mothership Core  
  92  9:13  Carrier (Chrono Boost)  
  97  9:43  Carrier (Chrono Boost)  
  99  9:56  Carrier (Chrono Boost)  
  101  10:29  Carrier (Chrono Boost)  
  101  10:58  Carrier (Chrono Boost)  
  105  11:22  Carrier (Chrono Boost)  
  85  11:43  Carrier (Chrono Boost)  
  85  12:13  Carrier (Chrono Boost)  
  97  12:48  Carrier (Chrono Boost)  
Show
View Real Time Build Order
Export as new Build Order

Fropez Protoss - Winner!

Build Orders: Nexus First 

Get SALT Encoding   

  12  0:00  Probe (Chrono Boost)  
  13  0:39  Nexus  
  13  0:43  Probe (Chrono Boost)  
  14  0:55  Probe (Chrono Boost)  
  15  0:58  Pylon  
  15  1:11  Assimilator  
  15  1:22  Probe (Chrono Boost)  
  15  1:24  Gateway  
  16  1:32  Probe (Chrono Boost)  
  17  1:42  Pylon  
  17  1:43  Probe (Chrono Boost)  
  18  1:54  Probe (Chrono Boost)  
  18  1:59  Forge  
  20  2:01  Probe (Chrono Boost)  
  20  2:22  Probe (Chrono Boost)  
  21  2:23  Cybernetics Core  
  21  2:32  Protoss Ground Weapons Level 1 (Chrono Boost)  
  21  2:35  Probe (Chrono Boost)  
  21  2:36  Photon Cannon  
  22  2:38  Probe (Chrono Boost)  
  23  2:45  Probe  
  24  2:58  Probe  
  24  2:59  Gateway  
  24  3:02  Pylon  
  25  3:12  Probe  
  25  3:14  Probe  
  27  3:26  Warp Gate (Chrono Boost)  
  27  3:27  Probe  
  27  3:30  Mothership Core  
  27  3:33  Stalker  
  32  3:35  Pylon  
  32  3:38  Assimilator x2  
  32  3:39  Probe  
  32  3:40  Assimilator  
  33  4:13  Stargate  
  33  4:23  Stargate, Protoss Ground Armor Level 1  
  33  4:26  Probe  
  33  4:28  Probe  
  35  4:44  Stalker  
  35  4:45  Stalker  
  32  5:04  Probe x2  
  32  5:06  Phoenix  
  36  5:18  Probe  
  36  5:20  Probe  
  38  5:31  Pylon  
  38  5:32  Phoenix x2 (Chrono Boost)  
  38  5:34  Pylon  
  42  5:39  Pylon, Probe x2  
  44  5:47  Pylon  
  44  5:51  Probe x2  
  44  5:53  Nexus  
  46  6:08  Probe x2  
  46  6:10  Phoenix (Chrono Boost)  
  50  6:14  Pylon  
  50  6:18  Pylon  
  50  6:20  Probe  
  50  6:25  Protoss Shields Level 1  
  51  6:35  Phoenix (Chrono Boost), Gateway  
  53  6:41  Phoenix (Chrono Boost)  
  55  6:48  Probe  
  55  6:49  Probe  
  57  6:59  Twilight Council  
  57  7:03  Phoenix (Chrono Boost), Protoss Air Weapons Level 1 (Chrono Boost)  
  59  7:10  Probe x3  
  62  7:17  Phoenix  
  62  7:20  Probe  
  62  7:22  Probe  
  64  7:52  Phoenix  
  64  7:55  Phoenix  
  68  8:00  Probe  
  68  8:01  Probe  
  68  8:03  Assimilator  
  70  8:07  Assimilator  
  70  8:10  Gateway  
  70  8:11  Gateway  
  70  8:13  Gateway  
  70  8:14  Phoenix  
  70  8:16  Gateway  
  70  8:18  Stalker  
  70  8:19  Stalker  
  76  8:20  Phoenix  
  77  8:40  Probe  
  77  8:41  Probe  
  79  8:42  Nexus  
  79  8:44  Probe  
  79  8:45  Phoenix, Protoss Air Armor Level 1 (Chrono Boost)  
  82  9:01  Protoss Shields Level 2  
  82  9:07  Photon Cannon  
  82  9:11  Probe x2  
  82  9:13  Robotics Facility  
  82  9:16  Phoenix  
  86  9:24  Phoenix  
  88  10:01  Phoenix  
  88  10:05  Phoenix  
  88  10:10  Probe  
  88  10:12  Probe  
  88  10:13  Probe  
  91  10:23  Phoenix  
  91  10:26  Fleet Beacon  
  91  10:28  Pylon x2  
  93  10:30  Phoenix  
  95  10:39  Zealot x2  
  95  10:40  Zealot x4  
  96  11:02  Stalker x2  
  96  11:03  Stalker x4  
  92  11:33  Stalker x5  
  92  11:39  Phoenix  
  100  11:42  Phoenix  
  102  11:49  Anion Pulse-Crystals  
  102  12:00  Phoenix  
  102  12:07  Probe  
  105  12:16  Stalker  
  105  12:17  Stalker x3  
  105  12:21  Assimilator  
  109  12:25  Assimilator  
  109  12:29  Nexus  
  109  12:31  Assimilator  
  109  12:34  Phoenix  
  109  12:35  Assimilator  
  107  12:38  Pylon  
  107  12:39  Pylon, Probe  
  107  12:40  Probe  
  107  12:41  Probe x2  
  113  12:50  Probe x2  
  109  12:53  Probe, Gateway  
  109  12:55  Gateway  
  109  12:57  Gateway  
  110  13:01  Stalker  
  110  13:02  Pylon, Stalker x4  
  116  13:25  Probe  
  117  13:27  Probe x2  
  117  13:29  Zealot x5  
  127  13:36  Assimilator  
  125  13:46  Probe  
  125  13:47  Probe x2  
  125  13:48  Probe x2  
  126  13:51  Stalker x3  
  126  13:52  Stalker  
Tags
 
Add a new tag
Caveats
  • Supply blocks, unpowered buildings, or Contaminate may cause inaccurate times.
  • Supply counts are checked every 10 seconds.